AoeStats
← JJY

Arena

508950686Analyzed
1v1 RM · 7d ago on Sep 24, 2026· 36m 10s· 2 players
Game mode
Random Map
Map size
Tiny (2 player)
Population
200
Speed
Normal
Resources
Standard
Victory
Conquest
Starting age
Dark Age
Ending age
Imperial Age
RankedLock teamsTeams togetherTeam positionsShared explorationLock speedFull tech treeHidden civsTurbo modeCheats
Victory
Defeat
🇨🇳 Burmese · China
514
+17
🇮🇶 Italians · Iraq
540
-32
JJY
4:30 Loom
11:27 Feudal Age
11:53 Horse Collar
18:32 Castle Age
24:14 Heavy Plow
26:48 Wheelbarrow
26:16 Gold Mining
30:29 Imperial Age
29:17 Forging
30:22 Stone Mining
30:54 Manipur Cavalry
32:08 Gold Shaft Mining
32:25 Crop Rotation
32:18 Bloodlines
32:09 Husbandry
31:31 Cavalier
33:37 Conscription
34:18 Hand Cart
33:48 Town Watch
34:14 Fletching
34:30 Scale Barding Armor
35:38 Ballistics
35:31 Masonry
HXX
11:55 Feudal Age
14:16 Double-Bit Axe
18:19 Castle Age
16:29 Horse Collar
16:59 Scale Barding Armor
16:55 Stone Mining
23:53 Pikeman
30:20 Crossbowman
30:26 Elite Skirmisher
33:51 Squires
33:12 Man-at-Arms
34:24 Loom
38:10 Imperial Age
Connection lost

Rejoining the realm…

Still unreachable

The connection could not be restored.

Session expired

The server has moved on; the page needs a fresh start.